 Dungeon Crawl Stone Soup version 0.27.0-1-g7a089689b8 (webtiles) character file.

Game seed: 7716794295219549790

935 belegose the Sneak (level 8, -11/67 HPs)
             Began as a Ghoul Brigand on Aug 4, 2021.
             Killed from afar by a steam dragon (22 damage)
             ... with a ball of steam
             ... on level 5 of the Dungeon.
             The game lasted 00:21:41 (7276 turns).

belegose the Sneak (Ghoul Brigand)                  Turns: 7276, Time: 00:21:41

Health: -11/67     AC:  8    Str: 15    XL:     8   Next: 11%
Magic:  7/7        EV: 12    Int:  8    God:
Gold:   148        SH:  8    Dex: 10    Spells: 7/7 levels left

rFire    . . .     SeeInvis .   a - +2 whip (elec)
rCold    + . .     Faith    .   o - +0 kite shield
rNeg     + + +     Spirit   .   h - +0 ring mail
rPois    ∞         Reflect  .   j - +0 helmet
rElec    .         Harm     .   c - +0 cloak
rCorr    .         Rampage  .   p - +0 pair of gloves
Will     .....                  (no boots)
Stlth    ++........             (no amulet)
HPRegen  0.21/turn              t - +4 ring of evasion
MPRegen  0.10/turn              (no ring)

@: no status effects
A: claws 1, cold resistance 1, negative energy resistance 3, inhibited
regeneration, torment resistance 2
a: no special abilities


You were on level 5 of the Dungeon.
You visited 2 branches of the dungeon, and saw 6 of its levels.
You also visited: Sewer.

You collected 148 gold pieces.

Inventory:

Hand Weapons
 a - a +2 whip of electrocution (weapon)
 q - a +0 quarterstaff
 u - a +2 dagger
 y - a +1 dagger of pain
Missiles
 d - 7 poisoned darts (quivered)
 f - 98 stones
 l - 22 bolts
 D - 4 boomerangs
Armour
 c - a +0 cloak (worn)
 h - a +0 ring mail (worn)
 j - a +0 helmet (worn)
 o - a +0 kite shield (worn)
 p - a +0 pair of gloves (worn)
Jewellery
 t - a +4 ring of evasion (left hand)
Scrolls
 g - 7 scrolls of identify {unknown}
 m - 2 scrolls of amnesia {unknown}
 s - 2 scrolls of silence {unknown}
 z - a scroll of immolation {unknown}
 A - a scroll of teleportation {unknown}
 B - a scroll of enchant weapon {unknown}
 C - a scroll of fear {unknown}
 E - a scroll of magic mapping {unknown}
Potions
 b - 2 potions of curing {unknown}
 i - 2 potions of degeneration {unknown}
 k - a potion of magic {unknown}
 n - a potion of berserk rage {unknown}
 r - a potion of haste {unknown}
 v - a potion of might {unknown}
 w - 2 potions of mutation {unknown}
 x - a potion of heal wounds {unknown}


   Skills:
 + Level 4.7 Fighting
 - Level 3.2 Short Blades
 + Level 1.4 Maces & Flails
 + Level 3.8 Throwing
 - Level 2.0 Armour
 - Level 0.8 Dodging
 + Level 6.3 Stealth
 + Level 2.1 Shields
 + Level 2.5 Necromancy


You had 7 spell levels left.
You didn't know any spells.
Your spell library contained the following spells:

 Spells                   Type           Power      Damage    Failure   Level
 Sandblast                Erth           0%         2d4       99%         1
 Summon Small Mammal      Summ           0%         N/A       99%         1
 Passwall                 Tmut/Erth      0%         N/A       100%        2
 Call Canine Familiar     Summ           0%         N/A       100%        3
 Ozocubu's Armour         Ice            0%         N/A       100%        3
 Summon Guardian Golem    Hex/Summ       0%         N/A       100%        3
 Summon Lightning Spire   Summ/Air       0%         N/A       100%        4
 Lee's Rapid Deconstruct  Erth           0%         3d5*      100%        5
 Ozocubu's Refrigeration  Ice            0%         4d5       100%        7
 Maxwell's Capacitive Co  Air            0%         ∞         100%        8
 Storm Form               Tmut/Air       Unusable   N/A       N/A         7

Dungeon Overview and Level Annotations

Branches:
Dungeon (5/15)             Temple (1/1) D:4           Sewer (visited)

Altars:
Gozag
Nemelex Xobeh
Uskayaw

Shops:
D:3 *

Annotations:
D:2 Grinder
D:3 Eustachio


Innate Abilities, Weirdness & Mutations

You thrive by killing the living.
You are immune to poison.
You have sharp fingernails.
Your flesh is cold resistant. (rC+)
You are immune to negative energy. (rN+++)
You do not regenerate when monsters are visible.
You are immune to unholy pain and torment.


Message History

You hit the steam dragon.
The steam dragon is lightly wounded.
You are engulfed in a cloud of scalding steam.
The steam dragon bites you but does no damage.
You block the steam dragon's attack.
You hit the steam dragon but do no damage.
The steam dragon is lightly wounded.
You are engulfed in a cloud of scalding steam.
The steam dragon barely misses you. You block the steam dragon's attack.
You hit the steam dragon but do no damage.
The steam dragon is lightly wounded.
You are engulfed in a cloud of scalding steam.
The steam dragon misses you. You block the steam dragon's attack.
The steam dragon breathes steam at you. The ball of steam hits you!
* * * LOW HITPOINT WARNING * * *
The steam dragon breathes steam at you. The ball of steam misses you.
The steam dragon bites you.
* * * LOW HITPOINT WARNING * * *
The steam dragon claws you but does no damage.
Unknown command.
You aren't carrying any items that you can evoke.
Throw: 7 darts (poison)
Press: ? - help, Q - select action, (/) - cycle Shift-Dir - straight line, f - steam dragon
Aim: a steam dragon (lightly wounded, catching its breath, 59% to hit)
Okay, then.
Throw: dart (curare)
Press: ? - help, Q - select action, (/) - cycle Shift-Dir - straight line, f - steam dragon
Aim: a steam dragon (lightly wounded, catching its breath, 59% to hit)
You throw a curare-tipped dart.
The curare-tipped dart closely misses the steam dragon.
The steam dragon completely misses you. You block the steam dragon's attack.
Throw: 7 darts (poison)
Press: ? - help, Q - select action, (/) - cycle Shift-Dir - straight line, f/p - steam dragon
Aim: a steam dragon (lightly wounded, catching its breath, 59% to hit)
Okay, then.
The steam dragon breathes steam at you. The ball of steam hits you!!
You die...

#.....#
#....§.§......
####.....#
######'#######
.........#
########.#
.........#
#.....##.#
.........#
#.....##.#
.........#
#...$.##.###
####.....#
#.....+....# #
#.#####
#.....##(#.# #
#+#
#...@§§D.#.# .
#...##.###.#
#######.##.#
.# ....###
#......<...#
.# .......
##.#.......#
.# #.8..Dg.
#.#.##....# .#
#....g..
#.#.###...#
#.8..... #.#.#
....# #..$.!).
##.#.####.##
#.8..._.


There were no monsters in sight!

Vanquished Creatures
  Menkaure (D:4)
  A centaur (D:5)
  A phantom (D:2)
  2 bullfrogs
  2 howler monkeys
  A bullfrog zombie (D:3)
  A centaur skeleton (D:5)
  An iguana (D:5)
  An orc wizard (D:4)
  21 adders
  2 ufetubi
  An adder skeleton (D:4)
  3 worms
  5 orcs
  6 endoplasms
  7 giant cockroaches
  A goblin (D:1)
  11 hobgoblins
  13 jackals
  18 quokkas
  16 ball pythons
  3 bats
  11 frilled lizards
  8 kobolds
  8 rats
145 creatures vanquished.

Notes
Turn   | Place    | Note
-------+----------+-------------------------------------------
     0 | D:1      | belegose the Ghoul Brigand began the quest for the Orb.
     0 | D:1      | Reached XP level 1. HP: 17/17 MP: 0/0
   291 | D:1      | Reached XP level 2. HP: 23/25 MP: 1/1
   784 | D:1      | Found a faded altar of an unknown god.
   886 | D:2      | Reached XP level 3. HP: 22/30 MP: 2/2
  1072 | D:2      | Reached skill level 1 in Armour
  1288 | D:2      | Reached XP level 4. HP: 35/37 MP: 3/3
  2010 | D:3      | Noticed Grinder
  2139 | D:3      | Found a sparkling altar of Nemelex Xobeh.
  2139 | D:3      | Found an opulent altar of Gozag.
  2620 | D:3      | Reached skill level 5 in Stealth
  2692 | D:3      | Reached XP level 5. HP: 39/45 MP: 4/4
  2749 | D:3      | Paralysed by Grinder for 2 turns
  2763 | D:3      | Paralysed by Grinder for 7 turns
  2790 | D:2      | Paralysed by Grinder for 3 turns
  2804 | D:2      | Paralysed by Grinder for 3 turns
  3154 | D:3      | Noticed a phantom
  3216 | D:2      | Killed a phantom
  3217 | D:2      | Reached XP level 6. HP: 13/51 MP: 5/5
  3806 | D:3      | Found Mysk's Assorted Antiques.
  4056 | D:4      | Noticed Eustachio
  4454 | D:4      | Noticed Menkaure
  4475 | D:4      | Killed Menkaure
  4476 | D:4      | Reached skill level 1 in Shields
  4476 | D:4      | Reached skill level 1 in Necromancy
  4723 | D:4      | Reached XP level 7. HP: 40/59 MP: 6/6
  4788 | D:4      | Found a staircase to the Ecumenical Temple.
  4797 | Temple   | Entered the Ecumenical Temple
  6139 | D:5      | Entered Level 5 of the Dungeon
  6272 | D:5      | Found a hide-covered altar of Uskayaw.
  6272 | D:5      | Noticed a steam dragon
  6377 | D:5      | Reached skill level 6 in Stealth
  6387 | D:5      | Found a glowing drain.
  6414 | D:5      | Reached skill level 1 in Maces & Flails
  6423 | Sewer    | Entered a sewer
  6930 | Sewer    | Reached XP level 8. HP: 60/67 MP: 7/7
  7276 | D:5      | Killed from afar by a steam dragon

Illustrated notes

Levels and vault maps discovered:
D:1:      evilmike_arrival_rings, layout_rooms,
          shapermc_ecumenical_altar_mp_vishouse, bh_walls_and_bars
D:2:      layout_loops_corners, minmay_split_cup_large
D:3:      layout_basic, grunt_temple_overflow_opulence, serial_shops,
          nicolae_shop_overgrown_old_shop, st_stairs_11, uniq_grinder
D:4:      layout_cave_pools, minmay_temple_entry_sparse_star, uniq_eustachio,
          uniq_menkaure
D:5:      layout_basic, eat_drink_and_be_merry_uskayaw, gup_sewer_entry_glass
Temple:   jpeg_temple_alley_garden

Skill      XL: |  1  2  3  4  5  6  7 |
---------------+----------------------+-----
Throwing       | 2 3 |  3.8
Short Blades   | 2 3 |  3.2
Armour         | 1 2 |  2.0
Fighting       | 3 4 |  4.7
Stealth        | 5 6 |  6.3
Shields        | 1 2 |  2.1
Necromancy     | 1 2 |  2.5
Maces & Flails | 1 |  1.4
Dodging        | |  0.8

Action                   |  1- 3 |  4- 6 |  7- 9 || total
-------------------------+-------+-------+-------++-------
Melee: Dagger            |   123 |   351 |    46 ||   520
       Whip              |       |       |   231 ||   231
Throw: Dart              |       |       |    17 ||    17
       Stone             |       |       |     2 ||     2
 Stab: Sleeping          |     5 |       |     3 ||     8
Armor: Robe              |     3 |       |       ||     3
       Ring mail         |    37 |   128 |   185 ||   350
Dodge: Dodged            |    52 |   185 |   247 ||   484
Block: Kite shield       |       |    73 |   209 ||   282
